 Dungeon Crawl Stone Soup version 0.32-a0-607-g64ea0e4219 (webtiles) character file.

Game seed: 5434515895981174844

66 GloriousHammer the Slasher (level 3, -1/24 (29) HPs)
             Began as a Demigod Reaver on Mar 3, 2024.
             Slain by a gnoll
             ... wielding a +0 whip
              (6 damage)
             ... on level 2 of the Dungeon.
             The game lasted 00:03:46 (1309 turns).

GloriousHammer the Slasher (Demigod Reaver)         Turns: 1309, Time: 00:03:47

HP:   -1/24 (29)    AC:  4    Str: 13    XL:     3   Next: 69%
MP:   8/8           EV: 12    Int: 15    God:
Gold: 55            SH:  0    Dex: 16    Spells: 2/5 levels left

rFire   . . .        a - +0 falchion
rCold   . . .        (no shield)
rNeg    . . .        k - +0 leather armour
rPois   .            i - +0 helmet
rElec   .            (no cloak)
rCorr   .            (no gloves)
SInv    .            (no boots)
Will    .....        (no amulet)
Stlth   +            (no ring)
HPRegen 0.24/turn    (no ring)
MPRegen 0.11/turn

%: no passive effects
@: heavily drained
A: high MP 1, forlorn, divine attributes
a: no special abilities


You were on level 2 of the Dungeon.
You visited 1 branch of the dungeon, and saw 2 of its levels.

You collected 55 gold pieces.

Inventory:

Hand Weapons
 a - a +0 falchion (weapon)
 b - a +0 sling
 f - a +0 dagger of holy wrath
Armour
 i - a +0 helmet (worn)
 k - a +0 leather armour (worn)
 l - a +0 scale mail
Scrolls
 d - a scroll of teleportation {unknown}
 g - a scroll of poison {unknown}
 h - a scroll of identify {unknown}
 j - a scroll of noise {unknown}
Potions
 e - a potion of lignification {unknown}
 m - a potion of magic {unknown}


   Skills:
 - Level 1.7 Fighting
 * Level 3.6 Long Blades
 - Level 1.7 Dodging
 - Level 1.7 Spellcasting
 + Level 3.1 Conjurations
 - Level 1.1 Necromancy
 + Level 0.6 Translocations


You had 2 spell levels left.
You knew the following spells:

 Your Spells              Type           Power      Damage    Failure   Level
a - Kiss of Death         Conj/Necr      28%        2d7       12%         1
b - Momentum Strike       Conj/Tloc      14%        3d8       21%         2

Your spell library contained the following spells:

 Spells                   Type           Power      Damage    Failure   Level
 Magic Dart               Conj           40%        1d5       8%          1
 Searing Ray              Conj           20%        2d5       12%         2
 Hailstorm                Conj/Ice       6%         3d5       41%         3
 Fulminant Prism          Conj/Alch      3%         3d5       83%         4
 Passage of Golubria      Tloc           3%         N/A       92%         4
 Silence                  Hex/Air        0%         N/A       100%        5
 Lehudib's Crystal Spear  Conj/Erth      3%         10d2      100%        8


Dungeon Overview and Level Annotations

Branches:
Dungeon (2/15)


Innate Abilities, Weirdness & Mutations

You have an increased reservoir of magic. (+10% MP)
You shall have no god before yourself.
Your divine heritage dramatically boosts your attributes as you level up.


Message History

The dart slug is almost dead.
The dart slug launches a dart at you. The slug dart hits you.
You slash the dart slug!
You kill the dart slug!
You see here a dart slug corpse.
Found a stone staircase leading down.
Found an escape hatch in the ceiling.
There is a stone staircase leading down here.
A ball python comes into view.
The ball python hisses angrily.
You slash the ball python!
You kill the ball python!
You see here a ball python corpse.
Found 2 stones.
An adder comes into view.
An adder is nearby!
The adder hisses angrily.
You closely miss the adder. The adder barely misses you.
You hit the adder but do no damage. The adder barely misses you.
The adder misses you.
You miss the adder. The adder barely misses you.
You completely miss the adder. The adder bites you.
You are poisoned.
The adder poisons you! The adder barely misses you.
You closely miss the adder.
You feel sick. The adder bites you.
You miss the adder.
You feel sick. The adder barely misses you.
The adder bites you but does no damage.
Unknown command.
You closely miss the adder.
You feel sick. The adder barely misses you.
You hit the adder.
The adder is heavily wounded.
You feel sick.
You are no longer poisoned.
The adder misses you.
You miss the adder.
The adder is heavily wounded.
The adder bites you but does no damage. The adder closely misses you.
You closely miss the adder.
The adder is heavily wounded.
The adder bites you but does no damage.
You slash the adder!
You kill the adder!
You see here an adder corpse.
Found a scale mail.
Found a chain mail.
You see here a +0 chain mail.
A gnoll comes into view. It is wielding a +0 halberd.
Found a robe.
A gnoll and a rat come into view.
The gnoll shouts!
You hear a shout!
The gnoll misses you.
You barely miss the gnoll. The gnoll barely misses you.
You completely miss the gnoll. The gnoll hits you but does no damage.
You slash the gnoll!
The gnoll is heavily wounded.
The gnoll barely misses you.
You hit the gnoll.
The gnoll is severely wounded.
The gnoll completely misses you.
You closely miss the gnoll.
The gnoll is severely wounded.
The gnoll barely misses you.
You completely miss the gnoll.
The gnoll is severely wounded.
The gnoll barely misses you.
You slash the gnoll!
You kill the gnoll!
Things that are here:
a +0 halberd; a gnoll corpse A rat comes into view.
The rat squeaks loudly.
The rat misses you.
You hit the rat.
You kill the rat!
You see here a +0 chain mail.
The gnoll shouts!
The rat squeaks loudly.
You hear a shout!
A gnoll comes into view. It is wielding a +0 spear.
There are monsters nearby!
You hit the rat.
You kill the rat!
You see here a rat corpse.
The gnoll shouts!
The gnoll closely misses you.
You barely miss the gnoll.
A goblin comes into view. It is wielding a +0 club.
The gnoll hits you with a +0 whip.
You barely miss the gnoll. The gnoll hits you with a +0 whip.
You barely miss the gnoll. The goblin misses you.
The goblin unwields a +0 club.
The goblin wields a +0 sling.
The goblin shoots a sling bullet.
The sling bullet hits you. The gnoll hits you with a +0 whip.
You see here a rat corpse.
The gnoll attacks as it pursues you! The gnoll hits you with a +0 whip.
The gnoll attacks as it pursues you! The gnoll hits you with a +0 whip.
* * * LOW HITPOINT WARNING * * *
It was a potion of curing.
You feel better. The gnoll hits you with a +0 whip!
* * * LOW HITPOINT WARNING * * *
The gnoll attacks as it pursues you! The gnoll hits you with a +0 whip.
You die...

#.....# #.....# #..#.r#
##†#..# #.##.# #g.#.. .
##g##.. ..# #[.###.
#..# ##.g@######....#
###.....)..^.#
#......####### #.####.#
#.####.########
##.............#
########.....#..#####.#
#......†...#.#..# #.#
#.######........# #.#


You could see 2 gnolls and a goblin.

Vanquished Creatures
  A gnoll (D:2)
  An adder (D:2)
  2 ribbon worms (D:2)
  3 dart slugs
  5 ball pythons
  An endoplasm (D:1)
  4 goblins (D:1)
  5 hobgoblins (D:1)
  2 jackals (D:1)
  3 kobolds
  A quokka (D:1)
  3 bats (D:1)
  A frilled lizard (D:1)
  3 rats
35 creatures vanquished.

Notes
Turn   | Place    | Note
-------+----------+-------------------------------------------
     0 | D:1      | GloriousHammer the Demigod Reaver began the quest for the
                  | Orb.
     0 | D:1      | Reached XP level 1. HP: 17/17 MP: 5/5
   159 | D:1      | Reached XP level 2. HP: 24/24 MP: 7/7
   357 | D:1      | Reached skill level 1 in Necromancy
   667 | D:1      | Reached XP level 3. HP: 16/25 MP: 8/8
  1037 | D:2      | Learned a level 2 spell: Momentum Strike
  1309 | D:2      | Slain by a gnoll

Illustrated notes

Levels and vault maps discovered:
D:1:      dpeg_arrival_simpleton_c, layout_basic
D:2:      layout_loops_cross, minmay_randomly_rotated_circles

Skill      XL: |  1  2 |
---------------+-------+-----
Long Blades    | 3 |  3.6
Conjurations   | 3 |  3.1
Necromancy     | 1 |  1.1
Fighting       | |  1.7
Dodging        | |  1.7
Spellcasting   | |  1.7
Translocations | |  0.6

Action                     || total
---------------------------++-------
  Melee: Falchion          ||   145
   Cast: Kiss of Death     ||     2
    Use: Potion            ||     1
 Armour: Leather armour    ||    98
  Dodge: Dodged            ||    86

Table legend: (Time is in decaauts)
 A = Elapsed time spent in this place.
 B = Non-inter-level travel time spent in this place.
 C = Inter-level travel time spent in this place.
 D = Time resting spent in this place.
 E = Time spent auto-exploring this place.
 F = Levels seen in this place.
 G = Mean time per level.
                   A        B        C        D        E       F      G
               +--------+--------+--------+--------+--------+-----+--------+
         Total |   1328 |   1282 |     46 |      0 |    861 |   2 |  664.0 |
       Dungeon |   1328 |   1282 |     46 |      0 |    861 |   2 |  664.0 |
               +--------+--------+--------+--------+--------+-----+--------+

Top non-repeatable levels by time:
     D:1: 806 daAuts
     D:2: 521 daAuts
